 Dungeon Crawl Stone Soup version 0.22.1-5-g62c59d9 (webtiles) character file.

4372 Tiagovsky the Fighter (level 10, 0/82 HPs)
             Began as a Demonspawn Abyssal Knight on Jan 11, 2019.
             Was a Priest of Lugonu.
             Slain by a slime creature (9 damage)
             ... on level 9 of the Dungeon on Jan 12, 2019.
             The game lasted 00:52:06 (12814 turns).

Tiagovsky the Fighter (Demonspawn Abyssal Knight)  Turns: 12814, Time: 00:52:07

Health: 0/82       AC: 18    Str: 17    XL:     10   Next: 13%
Magic:  16/16      EV:  9    Int: 13    God:    Lugonu [***...]
Gold:   377        SH: 11    Dex: 12    Spells: 9/9 levels left

rFire    . . .     SeeInvis +   w - +2 flail (protect)
rCold    . . .     Gourm    .   h - +0 buckler
rNeg     . . .     Faith    .   s - +0 scale mail
rPois    +         Spirit   .   (no helmet)
rElec    .         Reflect  +   (no cloak)
rCorr    .         Harm     .   m - +0 pair of gloves
MR       .....                  (no boots)
Stlth    ..........             G - +6 amulet of reflection
HPRegen  0.23/turn              p - ring of poison resistance
MPRegen  0.15/turn              E - ring of see invisible

@: protection aura
A: claws 2, yellow scales 2, demonic guardian 1, spiny 1
a: Depart the Abyss, Bend Space, Banish, Renounce Religion


You were on level 9 of the Dungeon.
You worshipped Lugonu.
Lugonu was most pleased with you.
You were not hungry.

You visited 2 branches of the dungeon, and saw 10 of its levels.
You visited the Abyss 1 time.

You collected 442 gold pieces.
You spent 65 gold pieces at shops.

Inventory:

Hand Weapons
 q - a +0 hunting sling
 w - a +2 flail of protection (weapon)
Missiles
 b - 192 stones (quivered)
 y - 23 sling bullets
Armour
 h - a +0 buckler (worn)
 m - a +0 pair of gloves (worn)
 s - a +0 scale mail (worn)
Jewellery
 p - a ring of poison resistance (left hand)
 E - a ring of see invisible (right hand)
 F - an uncursed ring of flight
 G - a +6 amulet of reflection (around neck)
 I - an uncursed ring of fire {unknown}
Wands
 a - a wand of paralysis (11)
 g - a wand of acid (22)
 i - a wand of flame (27)
 t - a wand of iceblast (7)
 u - a wand of enslavement (19)
 A - a wand of clouds (3)
 D - a wand of polymorph (14)
Scrolls
 d - 3 scrolls of identify
 v - a scroll of amnesia
 x - a scroll of magic mapping {unknown}
 z - 3 scrolls of remove curse
 B - 2 scrolls of teleportation {unknown}
 C - a scroll of fear {unknown}
Potions
 f - 2 potions of curing
 j - 5 potions of haste
 k - 2 potions of agility {unknown}
 l - a potion of ambrosia {unknown}
 n - 3 potions of brilliance
 o - 2 potions of degeneration {unknown}
 r - a potion of berserk rage {unknown}
Comestibles
 c - 13 rations


   Skills:
 + Level 8.4 Fighting
   Level 5.2 Short Blades
 + Level 4.2 Maces & Flails
   Level 2.3 Polearms
 + Level 5.5 Armour
 - Level 0.8 Dodging
 - Level 4.0 Shields
 - Level 8.0 Invocations
 + Level 2.0 Evocations


You had 9 spell levels left.
You didn't know any spells.
Your spell library was empty.

Dungeon Overview and Level Annotations

Branches:
Dungeon (9/15)             Temple (1/1) D:4
   Lair: D:8-11         Orc: D:9-12

Altars:
Ashenzari
Cheibriados
Dithmenos
Elyvilon
Fedhas
Gozag
Hepliaklqana
Kikubaaqudgha
Makhleb
Nemelex Xobeh
Okawaru
Qazlal
Ru
Sif Muna
Trog
Uskayaw
Vehumet
Wu Jian
Xom
Yredelemnul
Zin
The Shining One

Shops:
D:6 *

Annotations:
D:7 1 runed door, Leeroy's ghost, novice DrSk


Innate Abilities, Weirdness & Mutations

You have very sharp fingernails.
You are mostly covered in yellow scales. (AC +3)
A weak demonic guardian rushes to your aid.
You are partially covered in sharp spines.


Message History

You kill the slime creature!
Lugonu accepts your kill.
Your Evocations skill increases to level 2!
The slime creature barely misses you.
You are too injured to fight recklessly!
You are too injured to fight recklessly!
You are too injured to fight recklessly!
You are too injured to fight recklessly!
You hit the slime creature but do no damage.
The slime creature hits you!
* * * LOW HITPOINT WARNING * * *
You thump the slime creature!
The slime creature is lightly wounded.
You block the slime creature's attack.
The slime creature is struck by your spines.
The slime creature hits you but does no damage.
Your scale mail prevents you from hitting the slime creature.
The slime creature is moderately wounded.
The slime creature hits you!
You die...

#.........# ####.## ##....#
..........# #....### #....##
..........# ##......####.....#
..........####.........##.....# #
........................#.....###
..........####..........#......##
..........# ##.................##
..........###...................#
..............(.@<......^.......#
.........).......J...............
#.......................#........
#.........)......................
##..........##.........##........
##........####........##.........
#........## #........##.........
#.......## #.....####..#.......
...#....# #.##### ##..##......


You could see a slime creature.

Vanquished Creatures
  A two-headed ogre (D:8)
  A troll (D:8)
  A slime creature (D:9)
  A hippogriff (D:8)
  A wyvern (D:8)
  4 ice beasts
  An orc warrior (D:8)
  2 ogres
  3 phantoms (D:4)
  3 centaurs
  A big kobold (D:8)
  A bullfrog (D:6)
  A gnoll sergeant (D:6)
  2 scorpions (D:4)
  4 killer bees (D:7)
  4 crimson imps (D:5)
  A hound (D:4)
  A jelly (D:8)
  5 orc priests
  2 iguanas
  5 orc wizards
  2 bullfrog skeletons
  A centaur skeleton (D:7)
  7 worker ants
  2 hound zombies
  A howler monkey zombie (D:6)
  7 gnolls
  7 adders
  A shadow imp (D:6)
  An ooze (D:1)
  An adder skeleton (D:7)
  3 worms (D:2)
  7 leopard geckos
  29 orcs
  5 giant cockroaches
  4 hobgoblins
  6 jackals
  4 quokkas
  A ball python (D:3)
  6 bats
  4 frilled lizards
  5 goblins
  5 kobolds
  A leopard gecko zombie (D:9)
  A quokka zombie (D:6)
  3 rats
159 creatures vanquished.

Vanquished Creatures (collateral kills)
  2 slime creatures (D:9)
2 creatures vanquished.

Vanquished Creatures (others)
  An orc warrior (D:6)
1 creature vanquished.

Grand Total: 162 creatures vanquished

Notes
Turn   | Place    | Note
-------+----------+-------------------------------------------
     0 | Abyss:1  | Tiagovsky the Demonspawn Abyssal Knight began the quest for
                  | the Orb.
     0 | Abyss:1  | Reached XP level 1. HP: 18/18 MP: 2/2
    95 | Abyss:1  | Noticed an orange demon
    97 | D:1      | Escaped the Abyss
   114 | D:1      | Reached * piety under Lugonu
   190 | D:1      | Gained mutation: You are partially covered in sharp spines.
                  | [demonic ancestry]
   190 | D:1      | Reached XP level 2. HP: 19/24 MP: 4/4
  1111 | D:2      | Gained mutation: You are partially covered in yellow
                  | scales. (AC +2) [demonic ancestry]
  1111 | D:2      | Reached XP level 3. HP: 29/29 MP: 5/5
  2033 | D:2      | Reached skill level 1 in Short Blades
  2050 | D:2      | Reached XP level 4. HP: 37/37 MP: 6/6
  3067 | D:3      | Reached ** piety under Lugonu
  3077 | D:3      | Found a faded altar of an unknown god.
  3140 | D:3      | Reached XP level 5. HP: 36/42 MP: 8/8
  3637 | D:3      | Found a deep blue altar of Sif Muna.
  4075 | D:4      | Noticed a phantom
  4129 | D:4      | Killed a phantom
  4129 | D:4      | Reached skill level 5 in Fighting
  4129 | D:4      | Gained mutation: You have sharp fingernails. [demonic
                  | ancestry]
  4129 | D:4      | Reached XP level 6. HP: 34/51 MP: 9/9
  4503 | D:4      | Found a shadowy altar of Dithmenos.
  5084 | D:4      | Reached XP level 7. HP: 57/57 MP: 10/10
  5111 | D:4      | Found a staircase to the Ecumenical Temple.
  5126 | Temple   | Entered the Ecumenical Temple
  5632 | D:4      | Found a glowing golden altar of the Shining One.
  5725 | D:5      | Entered Level 5 of the Dungeon
  6097 | D:5      | Found a shimmering altar of Xom.
  7163 | D:6      | Found Juacso Pab's General Store.
  7173 | D:6      | Reached skill level 5 in Invocations
  7173 | D:6      | Gained mutation: You are mostly covered in yellow scales.
                  | (AC +3) [demonic ancestry]
  7173 | D:6      | Reached XP level 8. HP: 50/65 MP: 11/11
  7199 | D:6      | Reached skill level 5 in Short Blades
  7271 | D:6      | Bought a scroll of identify for 26 gold pieces
  7271 | D:6      | Bought a scroll of remove curse for 39 gold pieces
  7401 | D:6      | Reached *** piety under Lugonu
  8280 | D:6      | Reached skill level 1 in Shields
  8668 | D:6      | Reached skill level 1 in Maces & Flails
  8837 | D:6      | Found a blossoming altar of Fedhas.
 10066 | D:7      | Gained mutation: You have very sharp fingernails. [demonic
                  | ancestry]
 10066 | D:7      | Reached XP level 9. HP: 50/72 MP: 12/14
 10191 | D:7      | Found a glowing silver altar of Zin.
 10234 | D:7      | Found a runed door.
 10238 | D:7      | Noticed Leeroy's ghost (novice DrSk)
 10631 | D:8      | Noticed a two-headed ogre
 10641 | D:8      | Killed a two-headed ogre
 11183 | D:8      | Reached skill level 5 in Armour
 11416 | D:9      | Found an opulent altar of Gozag.
 11452 | D:9      | Found a burning altar of Makhleb.
 11456 | D:9      | Found a hazy altar of Hepliaklqana.
 11466 | D:9      | Found a bloodstained altar of Trog.
 11717 | D:9      | Noticed a troll
 11849 | D:8      | Killed a troll
 11849 | D:8      | Reached skill level 1 in Evocations
 12100 | D:9      | Gained mutation: A weak demonic guardian rushes to your
                  | aid. [demonic ancestry]
 12100 | D:9      | Reached XP level 10. HP: 39/80 MP: 16/16
 12102 | D:9      | Reached **** piety under Lugonu
 12356 | D:9      | Found a radiant altar of Vehumet.
 12814 | D:9      | Slain by a slime creature

Skill      XL: |  1  2  3  4  5  6  7  8  9 10 |
---------------+-------------------------------+-----
Polearms       | 2 |  2.3
Invocations    | 3 4 5 6 8 |  8.0
Short Blades   | 1 2 3 4 5 |  5.2
Fighting       | 4 5 6 7 8 |  8.4
Armour         | 2 4 5 |  5.5
Shields        | 2 4 |  4.0
Maces & Flails | 2 4 |  4.2
Evocations     | 1 2 |  2.0
Dodging        | |  0.8

Action                   |  1- 3 |  4- 6 |  7- 9 | 10-12 || total
-------------------------+-------+-------+-------+-------++-------
Melee: Spear             |    61 |       |       |       ||    61
       Short sword       |    35 |   151 |   157 |       ||   343
       Flail             |       |       |   206 |    34 ||   240
 Fire: Hunting sling     |       |       |    42 |       ||    42
Throw: Stone             |       |    19 |    21 |     1 ||    41
       Tomahawk          |       |       |     4 |     4 ||     8
Invok: Depart the Abyss  |     1 |       |       |       ||     1
       Bend Space        |       |       |     3 |       ||     3
       Banish            |       |       |     1 |       ||     1
  Use: Scroll            |     3 |     4 |     5 |       ||    12
       Potion            |       |       |     4 |     3 ||     7
 Stab: Distracted        |       |       |       |     1 ||     1
  Eat: Chunk             |     1 |     2 |     9 |     1 ||    13
       Ration            |     1 |     2 |     4 |     1 ||     8
Armor: Leather armour    |     8 |       |       |       ||     8
       Ring mail         |    18 |    21 |       |       ||    39
       Scale mail        |       |    32 |   188 |    11 ||   231
Dodge: Dodged            |    35 |    55 |   135 |    12 ||   237
Block: Buckler           |     9 |    19 |   104 |    18 ||   150
       Reflection        |       |       |     1 |       ||     1
